 Dungeon Crawl Stone Soup version 0.29-a0-294-g83ea962da3 (webtiles) character file.

Game seed: 2796372938608344411

277 kae the Chopper (level 6, -2/56 HPs)
             Began as a Hill Orc Fighter on Mar 18, 2022.
             Slain by a black bear (5 damage)
             ... on level 3 of the Dungeon.
             The game lasted 00:01:27 (3313 turns).

kae the Chopper (Hill Orc Fighter)                  Turns: 3313, Time: 00:01:28

Health: -2/56      AC:  7    Str: 21    XL:     6   Next: 25%
Magic:  6/6        EV:  9    Int:  8    God:
Gold:   211        SH:  4    Dex: 10    Spells: 5/5 levels left

rFire   . . .      SeeInvis .   a - +0 war axe
rCold   . . .      Faith    .   c - +0 buckler
rNeg    . . .      Spirit   .   b - +1 scale mail
rPois   .          Reflect  .   (no helmet)
rElec   .          Harm     .   (no cloak)
rCorr   .          Rampage  .   (no gloves)
Will    .....                   (no boots)
Stlth   ..........              (no amulet)
HPRegen 0.18/turn               (no ring)
MPRegen 0.10/turn               (no ring)

@: no status effects
A: no striking features
a: no special abilities


You were on level 3 of the Dungeon.
You visited 1 branch of the dungeon, and saw 3 of its levels.

You collected 211 gold pieces.

Inventory:

Hand Weapons
 a - a +0 war axe (weapon)
Armour
 b - a +1 scale mail (worn)
 c - a +0 buckler (worn)
Scrolls
 e - 2 scrolls of immolation
 h - a scroll of identify
 i - a scroll of holy word
 j - 2 scrolls of vulnerability {unknown}
 m - a scroll of blinking
 o - a scroll of enchant weapon {unknown}
 p - a scroll of amnesia {unknown}
 q - 2 scrolls of teleportation {unknown}
Potions
 d - a potion of might
 f - 2 potions of invisibility
 g - a potion of attraction {unknown}
 k - 3 potions of curing
 l - 2 potions of heal wounds {unknown}
 n - a potion of cancellation {unknown}


   Skills:
 + Level 5.5 Fighting
 * Level 7.0 Axes
 - Level 3.2 Armour
 - Level 3.2 Shields


You had 5 spell levels left.
You didn't know any spells.
Your spell library contained the following spells:

 Spells                   Type           Power      Damage    Failure   Level
 Foxfire                  Conj/Fire      0%         2x1d4     83%         1
 Conjure Flame            Conj/Fire      0%         6-21      99%         3
 Ignite Poison            Fire/Tmut/Pois 0%         N/A       99%         3
 Inner Flame              Hex/Fire       0%         N/A       99%         3
 Flame Wave               Conj/Fire      0%         2d4       100%        4
 Sticky Flame             Conj/Fire      0%         2d3       100%        4
 Blade Hands              Tmut           0%         N/A       100%        5
 Irradiate                Conj/Tmut      0%         3d13      100%        5
 Dragon Form              Tmut           0%         N/A       100%        7


Dungeon Overview and Level Annotations

Branches:
Dungeon (3/15)

Altars:


Message History

You barely miss the black bear.
The black bear is heavily wounded.
You hit the endoplasm.
You kill the endoplasm!
The black bear bites you.
* * * LOW HITPOINT WARNING * * *
The black bear claws you but does no damage.
The black bear claws you.
* * * LOW HITPOINT WARNING * * *
You barely miss the black bear.
The black bear is heavily wounded.
The black bear bites you but does no damage.
The black bear claws you but does no damage. x2
You block the black bear's attack.
The black bear claws you but does no damage. x2
You slash the black bear!
The black bear is severely wounded.
The black bear completely misses you.
The black bear claws you but does no damage. x2
You completely miss the black bear.
The black bear is severely wounded.
The black bear closely misses you. You block the black bear's attack.
The black bear claws you but does no damage.
You hit the black bear.
The black bear is almost dead.
You block the black bear's attack. x2
The black bear claws you but does no damage.
You hit the black bear.
The black bear is almost dead.
The black bear goes berserk!
You closely miss the black bear.
The black bear is almost dead.
The black bear barely misses you. The black bear claws you.
* * * LOW HITPOINT WARNING * * *
The black bear claws you but does no damage.
The black bear bites you but does no damage.
The black bear claws you.
* * * LOW HITPOINT WARNING * * *
The black bear claws you.
You die...

................#.#.# #.##..#..<.
..#...........#.#.#.# #.##..#....
................#.#.# #.##..#....
...##############.#.###.##..#....
.......... ..#....<#......##
..############################.##
..# .....(..........#...... ###
###....#...##..#.##..# #
#.h@.#...###.#.##..# #
#.)..##.)###.#...... #
..(...###......#.##### ....#..!#
##.....#.# ... #...# ###...#.# ..
#..## ####.#.# ##### . #..
####....#.# ....#
..####.......#.# ##...
##...........#


You could see a black bear (berserk).

Vanquished Creatures
  An ogre (D:3)
  A howler monkey (D:2)
  An orc wizard (D:3)
  3 gnolls
  2 adders
  2 worms
  2 dart slugs
  4 orcs (D:3)
  4 endoplasms
  3 giant cockroaches
  8 hobgoblins
  A jackal (D:2)
  4 kobolds
  2 quokkas
  8 ball pythons
  6 bats
  5 frilled lizards
  7 goblins
  7 rats
71 creatures vanquished.

Notes
Turn   | Place    | Note
-------+----------+-------------------------------------------
     0 | D:1      | kae the Hill Orc Fighter began the quest for the Orb.
     0 | D:1      | Reached XP level 1. HP: 19/19 MP: 1/1
    91 | D:1      | Reached skill level 3 in Axes
   133 | D:1      | Reached XP level 2. HP: 23/27 MP: 2/2
   345 | D:1      | Noticed a floating eye
   347 | D:1      | Noticed a floating eye
   349 | D:1      | Found a faded altar of an unknown god.
   351 | D:1      | Noticed a golden eye
   361 | D:1      | Noticed a golden eye
   593 | D:1      | Reached skill level 4 in Axes
   596 | D:1      | Reached XP level 3. HP: 33/33 MP: 3/3
   852 | D:2      | Reached XP level 4. HP: 35/41 MP: 4/4
   860 | D:2      | Reached skill level 5 in Axes
  1853 | D:2      | Reached XP level 5. HP: 36/47 MP: 5/5
  2534 | D:3      | Reached skill level 5 in Fighting
  2627 | D:3      | Reached skill level 6 in Axes
  2755 | D:3      | Noticed an ogre
  2761 | D:3      | Killed an ogre
  2762 | D:3      | Reached XP level 6. HP: 21/56 MP: 6/6
  3002 | D:3      | Reached skill level 7 in Axes
  3297 | D:3      | Noticed a black bear
  3313 | D:3      | Slain by a black bear

Illustrated notes

Levels and vault maps discovered:
D:1:      matt_arrival_diagonals, layout_basic,
          hellmonk_ecumenical_altar_watching_god, serial_bayou_pond_b,
          dk_noncrumbling_3, hangedman_decor_peaks_small
D:2:      kennysheep_big_flooded_room, layout_basic
D:3:      minmay_recursive_quarters, layout_basic, uniq_grinder

Skill      XL: |  1  2  3  4  5  6 |
---------------+-------------------+-----
Axes           | 3 4 5 6 7 |  7.0
Fighting       | 4 5 |  5.5
Armour         | |  3.2
Shields        | |  3.2

Action                   |  1- 3 |  4- 6 || total
-------------------------+-------+-------++-------
Melee: War axe           |    66 |   138 ||   204
  Use: Scroll            |       |     6 ||     6
Armor: Scale mail        |    31 |    78 ||   109
Dodge: Dodged            |    35 |    72 ||   107
Block: Buckler           |    20 |    36 ||    56

Table legend: (Time is in decaauts)
 A = Elapsed time spent in this place.
 B = Non-inter-level travel time spent in this place.
 C = Inter-level travel time spent in this place.
 D = Time resting spent in this place.
 E = Time spent auto-exploring this place.
 F = Levels seen in this place.
 G = Mean time per level.
                   A        B        C        D        E       F      G
               +--------+--------+--------+--------+--------+-----+--------+
         Total |   3376 |   3330 |     46 |    472 |   2347 |   3 | 1125.3 |
       Dungeon |   3376 |   3330 |     46 |    472 |   2347 |   3 | 1125.3 |
               +--------+--------+--------+--------+--------+-----+--------+

Top non-repeatable levels by time:
     D:2: 1505 daAuts
     D:1: 1019 daAuts
     D:3: 851 daAuts
